 Dungeon Crawl Stone Soup version 0.31-a0-175-g9f7f995f2b (webtiles) character file.

Game seed: 13215930981613819390

70 Moral the Ruffian (level 4, 0/42 HPs)
             Began as a Troll Gladiator on June 17, 2023.
             Slain by a kobold
             ... wielding a +0 dagger
              (3 damage)
             ... on level 2 of the Dungeon.
             The game lasted 00:03:00 (832 turns).

Moral the Ruffian (Troll Gladiator)                  Turns: 832, Time: 00:03:01

Health: 0/42       AC:  4    Str: 24    XL:     4   Next: 4%
Magic:  3/3        EV: 10    Int:  4    God:
Gold:   79         SH:  0    Dex: 11    Spells: 3/3 levels left

rFire   . .          .
                       - Unarmed
rCold   . . .        (no shield)
rNeg    . . .        a - +0 robe
rPois   .            b - +0 hat
rElec   .            (no cloak)
rCorr   .            (gloves unavailable)
SInv    .            (boots unavailable)
Will    .....        (no amulet)
Stlth   +            (no ring)
HPRegen 1.07/turn    (no ring)
MPRegen 0.08/turn

%: no passive effects
@: no status effects
A: large, unfitting armour, claws 3, regeneration 1, shaggy fur 1, tough skin 1
a: no special abilities


You were on level 2 of the Dungeon.
You visited 1 branch of the dungeon, and saw 2 of its levels.

You collected 79 gold pieces.

Inventory:

Missiles
 c - a throwing net (quivered)
 d - a large rock
Armour
 a - a +0 robe (worn)
 b - a +0 hat (worn)
Scrolls
 e - a scroll of identify {unknown}
 g - a scroll of teleportation {unknown}
 h - 2 scrolls of fear {unknown}
 i - a scroll of fog {unknown}
Potions
 f - a potion of cancellation {unknown}
 j - a potion of curing {unknown}
 k - a potion of attraction {unknown}


   Skills:
 + Level 2.2 Fighting
 - Level 1.7 Throwing
 + Level 2.9 Dodging
 * Level 4.1 Unarmed Combat


You had 3 spell levels left.
You didn't know any spells.
Your spell library was empty.

Dungeon Overview and Level Annotations

Branches:
Dungeon (2/15)

Altars:


Innate Abilities, Weirdness & Mutations

You are too large for most types of armour.
You have claws for hands.
Your natural rate of healing is unusually fast.
You are covered in fur. (AC +1)
You have tough skin. (AC +1)


Message History

The goblin is heavily wounded.
The goblin hits you with a +0 club.
* * * LOW HITPOINT WARNING * * *
The goblin hits you but does no damage. x2
You completely miss the goblin.
The goblin is heavily wounded.
The goblin closely misses you.
The goblin hits you but does no damage. x2
You barely miss the goblin.
The goblin is heavily wounded.
The goblin barely misses you. The goblin hits you but does no damage.
The goblin hits you with a +0 club.
* * * LOW HITPOINT WARNING * * *
You scratch the goblin.
You kill the goblin!
You have reached level 4!
You barely miss the goblin. The goblin barely misses you.
The goblin hits you with a +0 dagger.
* * * LOW HITPOINT WARNING * * *
You claw the goblin!
You kill the goblin!
The goblin hits you with a +0 dagger.
* * * LOW HITPOINT WARNING * * *
The goblin barely misses you. The goblin hits you with a +0 club.
* * * LOW HITPOINT WARNING * * *
Things that are here:
a +0 dagger; a goblin corpse You claw the goblin!
You kill the goblin!
The kobold throws a stone.
The stone hits you but does no damage. The goblin hits you but does no damage.
The kobold hits you but does no damage. The goblin hits you but does no damage.
Things that are here:
a +0 dagger; a goblin corpse You closely miss the kobold.
The goblin hits you with a +0 club.
* * * LOW HITPOINT WARNING * * *
The kobold hits you but does no damage.
You closely miss the kobold. The goblin barely misses you.
The kobold hits you with a +0 dagger.
You die...

######..##.#
#.....?....###
#.####..##...>.
#.####..##.####
#.......$......
#.>###..##.####
# ##.# #
...####g##.###
#......)@Kg..#
..#####.##...#
#.# ..# #.. ...
###. ### .# #


You could see a hobgoblin, a goblin and a kobold.

Vanquished Creatures
  Robin (D:2)
  An adder (D:2)
  A dart slug (D:1)
  5 endoplasms (D:1)
  3 giant cockroaches
  10 goblins
  5 hobgoblins
  2 kobolds
  4 quokkas (D:1)
  A ball python (D:1)
  4 frilled lizards
  5 rats (D:1)
42 creatures vanquished.

Notes
Turn   | Place    | Note
-------+----------+-------------------------------------------
     0 | D:1      | Moral the Troll Gladiator began the quest for the Orb.
     0 | D:1      | Reached XP level 1. HP: 19/19 MP: 0/0
   157 | D:1      | Reached XP level 2. HP: 28/28 MP: 1/1
   416 | D:1      | Reached XP level 3. HP: 35/35 MP: 2/2
   794 | D:2      | Noticed Robin
   806 | D:2      | Killed Robin
   807 | D:2      | Reached skill level 4 in Unarmed Combat
   826 | D:2      | Reached XP level 4. HP: 5/42 MP: 3/3
   831 | D:2      | HP: 2/42 [goblin/+0 club[Robin] (4)]
   832 | D:2      | Slain by a kobold

Illustrated notes

Levels and vault maps discovered:
D:1:      dpeg_arrival_castle, layout_basic
D:2:      layout_loops_ring, minmay_misc_feat_tower, minivault_11,
          uniq_crazy_yiuf_cottage, uniq_sigmund, uniq_robin

Skill      XL: |  1  2  3 |
---------------+----------+-----
Fighting       | 2 |  2.2
Unarmed Combat | 4 |  4.1
Throwing       | |  1.7
Dodging        | |  2.9

Action                     |  1- 3 |  4- 6 || total
---------------------------+-------+-------++-------
  Melee: Unarmed           |   105 |     5 ||   110
         Punch             |     5 |       ||     5
  Throw: Throwing net      |     3 |       ||     3
   Stab: Sleeping          |     2 |       ||     2
 Armour: Robe              |    48 |     5 ||    53
  Dodge: Dodged            |    75 |     3 ||    78

Table legend: (Time is in decaauts)
 A = Elapsed time spent in this place.
 B = Non-inter-level travel time spent in this place.
 C = Inter-level travel time spent in this place.
 D = Time resting spent in this place.
 E = Time spent auto-exploring this place.
 F = Levels seen in this place.
 G = Mean time per level.
                   A        B        C        D        E       F      G
               +--------+--------+--------+--------+--------+-----+--------+
         Total |    824 |    814 |     10 |      0 |    532 |   2 |  412.0 |
       Dungeon |    824 |    814 |     10 |      0 |    532 |   2 |  412.0 |
               +--------+--------+--------+--------+--------+-----+--------+

Top non-repeatable levels by time:
     D:1: 651 daAuts
     D:2: 173 daAuts
